 Dungeon Crawl Stone Soup version 0.20-a0-4-gd166d5d (webtiles) character file.

138368 dobroeutro the Grappler (level 16, 0/167 HPs)
             Began as a Troll Monk on Oct 31, 2016.
             Was the Champion of Cheibriados.
             Shot with an arrow by a naga sharpshooter (13 damage)
             ... led by Vashnia
             ... on level 3 of the Snake Pit.
             The game lasted 00:55:41 (19486 turns).

dobroeutro the Grappler (Troll Monk)               Turns: 19486, Time: 00:55:41

Health: 0/167      AC: 11    Str: 39    XL:     16   Next: 71%
Magic:  21/21      EV: 22    Int: 21    God:    Cheibriados [******]
Gold:   2037       SH:  0    Dex: 29    Spells: 0 memorised, 15 levels left

rFire  . . .     SeeInvis +       - Unarmed
rCold  . . .     Gourm    +     S - +0 troll leather armour
rNeg   . . .     Faith    .     (no shield)
rPois  +         Spirit   .     (helmet restricted)
rElec  .         Reflect  .     n - +1 cloak
rCorr  .         Harm     .     (gloves unavailable)
MR     +....                    (boots unavailable)
Stlth  ++........               I - amulet of regeneration
                                J - ring of poison resistance
                                m - +5 ring of slaying

@: lethally poisoned (0 -> 0), about to teleport, very slow
A: unfitting armour, claws 3, horns 1, see invisible, deterioration 1, fast
metabolism 3, gourmand, high mp 1, regeneration 1, shaggy fur 1, tough skin 2,
weak 1, wild magic 1, MP-powered wands
a: Bend Time, Temporal Distortion, Slouch, Step From Time, Renounce Religion


You were on level 3 of the Snake Pit.
You worshipped Cheibriados.
Cheibriados was exalted by your worship.
You were very hungry.

You visited 5 branches of the dungeon, and saw 25 of its levels.
You also visited: Ice Cave.

You collected 2277 gold pieces.
You spent 240 gold pieces at shops.

Inventory:

Hand Weapons
 l - the cursed +14 obsidian axe {chop, +Fly SInv *Curse}
   (You found it on level 12 of the Dungeon)

   It inflicts extra damage upon your enemies.
   It lets you see invisible.
   It lets you fly.
   It may re-curse itself when equipped.
   It has a curse placed upon it.
 N - a +3 morningstar of venom
Armour
 n - a +1 cloak (worn)
 t - a +1 robe of cold resistance
 S - a +0 troll leather armour (worn)
Jewellery
 m - a +5 ring of slaying (left claw)
 C - an uncursed ring of ice
 I - an amulet of regeneration (around neck)
 J - a ring of poison resistance (right claw)
 O - an uncursed ring of fire
 U - the amulet of Riet {+Rage rC+}
   (You found it on level 12 of the Dungeon)

   [amulet of rage]

   It protects you from cold.
   It lets you go berserk.
 Z - an uncursed ring of flight
Wands
 a - a wand of disintegration (20/24)
 c - a wand of lightning (4/15)
 e - a wand of paralysis (0/24)
 y - a wand of confusion (15/48)
 G - a wand of slowing (23/48)
 P - a wand of lightning (3/15)
 Q - a wand of paralysis (6/24)
Scrolls
 f - 4 scrolls of fog
 j - 2 scrolls of teleportation
 k - 3 scrolls of blinking
 o - 10 scrolls of amnesia
 q - a scroll of silence
 r - 7 scrolls of enchant armour
 u - 2 scrolls of fear
 z - 5 scrolls of remove curse
 B - 4 scrolls of enchant weapon
 D - a scroll of holy word
 E - 7 scrolls of magic mapping
 V - 5 scrolls of identify
Potions
 d - 5 potions of heal wounds
 g - 4 potions of flight
 i - 2 potions of brilliance
 p - a potion of ambrosia
 v - a potion of magic
 w - 5 potions of agility
 A - 2 potions of lignification
 F - 2 potions of cure mutation
 H - 4 potions of curing
 K - 3 potions of resistance
 M - a potion of might
 Y - a potion of invisibility
Books
 R - a book of Summonings

   Spells                             Type                      Level
   a - Recall                         Summoning/Translocation      3
   b - Aura of Abjuration             Summoning                    5
   c - Summon Demon                   Summoning                    5
   d - Summon Forest                  Summoning/Translocation      5
   e - Summon Mana Viper              Hexes/Summoning              5
   f - Shadow Creatures               Summoning                    6
Comestibles
 b - 13 bread rations
 h - 7 beef jerkies
 s - 14 fruits
 x - 4 meat rations
 L - 3 slices of pizza


   Skills:
 + Level 12.7 Fighting
 - Level 5.1 Maces & Flails
 + Level 11.8 Armour
 + Level 11.6 Dodging
 - Level 1.0 Stealth
 + Level 14.9 Unarmed Combat
 - Level 6.0 Invocations
 - Level 5.0 Evocations


You had 15 spell levels left.
You didn't know any spells.

Dungeon Overview and Level Annotations

Branches:
Dungeon (13/15)            Temple (1/1) D:5            Lair (6/6) D:11
 Shoals (0/4) Lair:2        Snake (3/4) Lair:3        Slime (0/5) Lair:6
    Orc (2/2) D:11            Elf (0/3) Orc:2        Vaults (0/5) D:13

Altars:
Ashenzari
Cheibriados
Dithmenos
Fedhas
Hepliaklqana
Kikubaaqudgha
Makhleb
Nemelex Xobeh
Qazlal
Ru
Sif Muna
Trog
Uskayaw
Vehumet
Xom
Zin
The Shining One
Beogh

Shops:
D:7 =   D:9 !   Orc:2 (:*!   Snake:1 :

Annotations:
Snake:3 Vashnia


Innate Abilities, Weirdness & Mutations

You are too large for most types of armour.
You have claws for hands.
Your metabolism is lightning-fast.
You like to eat raw meat.
Your natural rate of healing is unusually fast.
You are covered in fur. (AC +1)
You have very tough skin. (AC +2)
You have a pair of small horns on your head.
You have supernaturally acute eyesight. (SInv)
Your body sometimes deteriorates upon taking damage.
You have an increased reservoir of magic. (+10% MP)
You are weak. (Str -2)
Your spells are a little harder to cast, but a little more powerful.
You expend magic power (3 MP) to strengthen your wands.


Message History

The naga sharpshooter magically shoots a bolt.
The bolt hits you!
* * * LOW HITPOINT WARNING * * *
The naga sharpshooter shoots an arrow.
The arrow barely misses you. Vashnia spits poison at you.
The splash of poison hits you!
You are poisoned.
You resist.
* * * LOW HITPOINT WARNING * * *
You mangle the naga sharpshooter!!
Your headbutt misses the naga sharpshooter.
The naga sharpshooter is moderately wounded.
You feel sick.
The naga sharpshooter shoots a bolt.
The bolt hits you.
* * * LOW HITPOINT WARNING * * *
The naga sharpshooter spits poison at you.
The splash of poison misses you.
The naga sharpshooter mumbles some strange words.
The naga sharpshooter magically shoots an arrow.
The arrow hits you!
You die...

#........####.#...#...#
#######..
#......######.#...###...
#..... #......#
#...#...# ..>. #...#.
##...### #.)..#### ...
#...#. ##...######....#
#......
#.##...<.......##### #
.....#..
#........###...#...##...
.....#..
#.........##..##N.......
#.#. ###
....#.......(...@..N....
#.
...####...###).(##.N....
#. ...##########.(##
..... ....
.##...##.......(##...#..
.NN#.
###........###..(....N..
.[... ##....##...#
#...#####.. ...##
.....####### #...# . ..
##...# ##### ######


You could see Vashnia and 3 naga sharpshooters.

Vanquished Creatures
  2 nagarajas
  Roxanne (Snake:2)
  The ghost of Nuatha the Severer, a journeyman DsAK of Lugonu (Orc:1)
  A reaper (IceCv)
  The ghost of TotoDurand the Grappler, an adept VSFi of Ashenzari (Snake:1)
  Azrael (D:12)
  2 crystal guardians (D:12)
  The ghost of dobroeutro the Fighter, a journeyman GrFi of Okawaru (D:12)
  Josephine (Orc:1)
  7 naga warriors
  Harold (Lair:3)
  4 hydras
  8 vault guards (D:13)
  Fannar (Lair:3)
  A centaur warrior (D:13)
  3 catoblepae (Lair:6)
  15 death yaks
  6 anacondas
  2 tengu warriors
  2 naga sharpshooters
  Urug (Lair:5)
  3 shock serpents
  3 skeletal warriors (D:13)
  A salamander mystic (Snake:2)
  2 unseen horrors
  4 naga ritualists
  An orange crystal statue (D:12)
  5 hill giants
  3 mana vipers (Snake:1)
  3 orc knights
  4 ugly things
  2 manticores
  An orc sorcerer (Orc:1)
  4 salamanders (Snake:1)
  2 cyclopes
  13 elephants
  23 black mambas
  2 ice statues (IceCv)
  3 sirens (Lair:2)
  2 guardian serpents (Snake:3)
  7 naga magi
  2 gargoyles
  14 spiny frogs
  A freezing wraith (D:13)
  A kobold demonologist (D:11)
  4 rime drakes
  9 ice devils (IceCv)
  A tengu conjurer (D:13)
  11 komodo dragons
  A merfolk (Lair:2)
  7 trolls
  2 two-headed ogres
  A hornet (D:12)
  A polar bear (Lair:6)
  7 slime creatures
  28 blink frogs
  10 hippogriffs
  7 dream sheep (Lair:5)
  A spriggan (D:7)
  2 wyverns
  5 wraiths (Orc:1)
  4 fire elementals (D:12)
  A basilisk (Lair:5)
  61 yaks
  2 hungry ghosts (D:13)
  Menkaure (D:7)
  13 nagas
  A vampire mosquito (Lair:1)
  2 insubstantial wisps (Lair:1)
  7 water moccasins
  9 porcupines
  An ice beast (D:7)
  A swamp drake (Lair:1)
  A hell hound (D:12)
  32 orc warriors
  A black bear (D:11)
  2 phantoms (D:8)
  2 necrophages
  5 sky beasts
  7 ogres
  2 eyes of draining (D:13)
  3 wolves (Lair:1)
  18 centaurs
  9 crocodiles
  2 big kobolds
  15 bullfrogs
  A gnoll sergeant (D:8)
  A wyvern skeleton (D:11)
  2 scorpions (D:8)
  3 killer bees (D:11)
  4 wights (D:12)
  4 howler monkeys
  An electric eel (Lair:2)
  4 crimson imps
  2 centaur zombies
  4 hounds
  2 bullfrog skeletons
  A centaur skeleton (D:11)
  8 jellies
  6 orc wizards
  13 orc priests
  5 iguanas
  4 hell rats (Lair:5)
  14 worker ants
  3 hound skeletons
  9 gnolls
  13 adders
  6 shadow imps
  6 white imps (IceCv)
  11 ufetubi (IceCv)
  13 oozes
  3 adder skeletons
  An adder zombie (D:9)
  3 worms
  2 dart slugs
  6 leopard geckos
  87 orcs
  9 bats
  6 giant cockroaches
  A goblin (D:3)
  7 hobgoblins
  2 jackals (D:2)
  18 kobolds
  2 quokkas
  2 ball pythons
  6 frilled lizards
  A jackal skeleton (D:5)
  2 leopard gecko skeletons
  4 rats
  A plant (D:1)
770 creatures vanquished.

Vanquished Creatures (others)
  An orc warrior (Orc:2)
  A white imp (IceCv)
  3 ufetubi (IceCv)
  2 orcs (D:11)
  17 fungi
  7 plants
31 creatures vanquished.

Grand Total: 801 creatures vanquished

Notes
Turn   | Place    | Note
-------+----------+-------------------------------------------
     0 | D:1      | dobroeutro the Troll Monk began the quest for the Orb.
     0 | D:1      | Reached XP level 1. HP: 22/22 MP: 0/0
   171 | D:1      | Reached XP level 2. HP: 29/29 MP: 1/1
   592 | D:2      | Reached XP level 3. HP: 37/37 MP: 2/2
   645 | D:2      | Found a hide-covered altar of Uskayaw.
  1704 | D:3      | Reached skill level 4 in Unarmed Combat
  1742 | D:3      | Reached XP level 4. HP: 28/45 MP: 3/3
  2155 | D:4      | Reached XP level 5. HP: 51/54 MP: 4/4
  2542 | D:4      | Reached skill level 5 in Unarmed Combat
  2586 | D:5      | Entered Level 5 of the Dungeon
  2660 | D:5      | Noticed an ogre
  2667 | D:5      | Killed an ogre
  2667 | D:5      | Reached XP level 6. HP: 63/63 MP: 5/5
  2716 | D:5      | Reached skill level 6 in Unarmed Combat
  2795 | D:5      | Reached XP level 7. HP: 63/70 MP: 6/6
  2856 | D:5      | Reached skill level 5 in Fighting
  3072 | D:5      | Found a shadowy altar of Dithmenos.
  3260 | D:5      | Found a staircase to the Ecumenical Temple.
  3282 | D:5      | Found a shattered altar of Ashenzari.
  3282 | D:5      | Found a burning altar of Makhleb.
  3285 | D:5      | Found a stormy altar of Qazlal.
  3285 | D:5      | Found a shimmering altar of Xom.
  3285 | D:5      | Found a deep blue altar of Sif Muna.
  3303 | Temple   | Entered the Ecumenical Temple
  3316 | Temple   | Became a worshipper of Cheibriados the Contemplative
  3316 | Temple   | Reached * piety under Cheibriados
  3316 | Temple   | Reached ** piety under Cheibriados
  3479 | D:5      | Reached skill level 7 in Unarmed Combat
  3744 | D:6      | Got an ivory shortbow
  3745 | D:6      | Identified the +4 shortbow "Xaupt" {freeze, rElec MR+ Str-2 Int+2} (You found it on level 6 of the Dungeon)
  3752 | D:6      | Reached XP level 8. HP: 82/82 MP: 7/7
  3814 | D:6      | Reached skill level 1 in Armour
  3832 | D:6      | Found a sacrificial altar of Ru.
  3881 | D:6      | Found an ancient bone altar of Kikubaaqudgha.
  4259 | D:6      | Found a radiant altar of Vehumet.
  4298 | D:7      | Noticed Menkaure
  4311 | D:7      | Killed Menkaure
  4337 | D:6      | Gained mutation: You are weak. (Str -2) [mutagenic meat]
  4338 | D:6      | Gained mutation: Your body sometimes deteriorates upon taking damage. [mutagenic meat]
  4339 | D:6      | Gained mutation: You expend magic power (3 MP) to strengthen your wands. [mutagenic meat]
  4340 | D:6      | Gained mutation: You are agile. (Dex +2) [mutagenic meat]
  4341 | D:6      | Gained mutation: You have a pair of small horns on your head. [mutagenic meat]
  4412 | D:7      | Gained mutation: Your spells are a little harder to cast, but a little more powerful. [mutagenic meat]
  4413 | D:7      | Gained mutation: Scrolls take you a little longer to read. [mutagenic meat]
  4414 | D:7      | Gained mutation: You are very weak. (Str -4) [mutagenic meat]
  4542 | D:7      | Reached *** piety under Cheibriados
  4568 | D:7      | Found a blossoming altar of Fedhas.
  4606 | D:7      | Found a sparkling altar of Nemelex Xobeh.
  4764 | D:7      | Reached skill level 8 in Unarmed Combat
  4769 | D:7      | Found Issuwyck's Jewellery Boutique.
  4772 | D:7      | Bought an uncursed ring of poison resistance for 240 gold pieces
  4892 | D:8      | Reached XP level 9. HP: 81/91 MP: 8/8
  5266 | D:8      | Reached skill level 1 in Invocations
  5741 | D:9      | Noticed a hill giant
  5768 | D:8      | Reached skill level 9 in Unarmed Combat
  5833 | D:9      | Reached **** piety under Cheibriados
  5866 | D:8      | Reached XP level 10. HP: 72/101 MP: 11/11
  5923 | D:8      | Killed a hill giant
  5926 | D:8      | Reached skill level 5 in Armour
  6435 | D:9      | Found Foudaihi's Distillery.
  6499 | D:10     | Entered Level 10 of the Dungeon
  6758 | D:10     | Noticed a gargoyle
  6767 | D:10     | Killed a gargoyle
  6773 | D:10     | Reached ***** piety under Cheibriados
  6903 | D:10     | Reached skill level 10 in Unarmed Combat
  7275 | D:11     | Reached skill level 5 in Invocations
  7436 | D:11     | Found a staircase to the Orcish Mines.
  7482 | D:11     | Noticed a gargoyle
  7491 | D:11     | Killed a gargoyle
  7505 | D:11     | Noticed an eight-headed hydra
  7541 | D:11     | Found a staircase to the Lair.
  7586 | D:11     | Killed a 14-headed hydra
  7586 | D:11     | Reached XP level 11. HP: 112/112 MP: 9/14
  7876 | D:11     | Noticed a red ugly thing
  7884 | D:11     | Killed a red ugly thing
  8028 | D:11     | Noticed a hill giant
  8035 | D:11     | Killed a hill giant
  8038 | D:11     | Killed an unseen horror
  8371 | D:12     | Noticed dobroeutro's ghost (journeyman GrFi)
  8395 | D:12     | Killed dobroeutro's ghost
  8545 | D:12     | Reached ****** piety under Cheibriados
  8545 | D:12     | Reached skill level 11 in Unarmed Combat
  8575 | D:12     | Noticed a tengu warrior
  8583 | D:12     | Killed a tengu warrior
  8608 | D:12     | Found a runed door.
  8680 | D:12     | Noticed a purple ugly thing
  8683 | D:12     | Killed a purple ugly thing
  8683 | D:12     | Reached skill level 5 in Dodging
  8693 | D:12     | Gained mutation: You have an increased reservoir of magic. (+10% MP) [mutagenic meat]
  8694 | D:12     | Gained mutation: You have large cloven feet. [mutagenic meat]
  8697 | D:12     | Noticed Azrael
  8707 | D:12     | Killed Azrael
  8714 | D:12     | Reached XP level 12. HP: 53/123 MP: 17/17
  8720 | D:12     | Lost mutation: Scrolls take you a little longer to read. [potion of cure mutation]
  8720 | D:12     | Lost mutation: You are very weak. (Str -4) [potion of cure mutation]
  8720 | D:12     | Lost mutation: You have large cloven feet. [potion of cure mutation]
  8720 | D:12     | Lost mutation: You are agile. (Dex +2) [potion of cure mutation]
  8720 | D:12     | Lost mutation: You expend magic power (3 MP) to strengthen your wands. [potion of cure mutation]
  8866 | D:12     | Gained mutation: You expend magic power (3 MP) to strengthen your wands. [potion of mutation]
  8866 | D:12     | Gained mutation: You have supernaturally acute eyesight. (SInv) [potion of mutation]
  8867 | D:12     | Reached skill level 5 in Maces & Flails
  8867 | D:12     | Reached XP level 13. HP: 131/131 MP: 18/18
  9183 | D:12     | Noticed a crystal guardian
  9183 | D:12     | Noticed a crystal guardian
  9192 | D:12     | Killed a crystal guardian
  9196 | D:12     | Killed a crystal guardian
  9208 | D:12     | Got a twitching ivory amulet
  9209 | D:12     | Identified the amulet of Riet {+Rage rC+} (You found it on level 12 of the Dungeon)
  9516 | D:13     | Reached skill level 10 in Fighting
  9599 | D:13     | Reached skill level 12 in Unarmed Combat
  9610 | D:13     | Found a gate to the Vaults.
 10258 | D:13     | Reached XP level 14. HP: 79/144 MP: 19/19
 10476 | Lair:1   | Entered Level 1 of the Lair of Beasts
 11057 | Lair:2   | Found a staircase to the Shoals.
 11725 | Lair:3   | Noticed Fannar
 12004 | Lair:3   | Noticed Harold
 12020 | Lair:3   | Killed Harold
 12084 | Lair:3   | Reached skill level 13 in Unarmed Combat
 12098 | Lair:3   | Found a staircase to the Snake Pit.
 12111 | Lair:3   | Killed Fannar
 12778 | Lair:4   | Reached skill level 1 in Evocations
 12860 | Lair:4   | Reached skill level 10 in Armour
 13004 | Lair:4   | Found a sparkling altar of Nemelex Xobeh.
 13468 | Lair:5   | Reached XP level 15. HP: 152/154 MP: 20/20
 13471 | Lair:5   | Reached skill level 10 in Dodging
 13654 | Lair:5   | Noticed Urug
 13661 | Lair:5   | Killed Urug
 14289 | Lair:6   | Entered Level 6 of the Lair of Beasts
 14318 | Lair:6   | Found a staircase to the Slime Pits.
 15254 | Orc:1    | Entered Level 1 of the Orcish Mines
 15266 | Orc:1    | Noticed Josephine
 15278 | Orc:1    | Killed Josephine
 15313 | Orc:1    | Noticed Nuatha's ghost (journeyman DsAK)
 15324 | Orc:1    | Killed Nuatha's ghost
 15338 | Orc:1    | Found a frozen archway.
 15349 | IceCv    | Entered an ice cave
 15551 | IceCv    | Reached skill level 14 in Unarmed Combat
 16096 | Orc:1    | Found a roughly hewn altar of Beogh.
 16245 | Orc:2    | Entered Level 2 of the Orcish Mines
 16894 | Orc:2    | Found a staircase to the Elven Halls.
 17099 | Orc:2    | Found Vupn's Book Shop.
 17099 | Orc:2    | Found Jiaraq's Assorted Antiques.
 17101 | Orc:2    | Found Muenuo's Distillery.
 17109 | Orc:2    | Found Urphoiv's Weapon Boutique.
 17382 | Snake:1  | Entered Level 1 of the Snake Pit
 17434 | Snake:1  | Noticed TotoDurand's ghost (adept VSFi)
 17445 | Snake:1  | Killed TotoDurand's ghost
 17445 | Snake:1  | Reached XP level 16. HP: 132/165 MP: 21/21
 17542 | Snake:1  | Reached skill level 5 in Evocations
 17872 | Snake:1  | Found Gawn's Book Shop.
 18240 | Snake:2  | Noticed Roxanne
 18321 | Snake:2  | Killed Roxanne
 19081 | Snake:3  | Noticed Vashnia
 19486 | Snake:3  | Shot with an arrow by a naga sharpshooter

Vault maps used:
D:1:      tarquinn_simple_flora_water_a
D:2:      lemuel_doored_altar, minmay_parallelograms
D:4:      guppyfry_early_lair_pool
D:5:      kb_forest_paths, grunt_temple_overflow_open, first_bread
D:6:      kiku_gazebo_garden_becter, hangedman_ru_absence, lemuel_round_altar
D:7:      overflow_temple_1_default, marbit_many_paths, serial_shops,
          nicolae_shop_behind_doors, the_bakery, uniq_menkaure
D:9:      serial_shops, kennysheep_little_box
D:10:     kennysheep_generic_room_7
D:11:     minmay_opposing_rooms, lair_0_dummy, hiddenorc2_lemuel
D:12:     minmay_crystal_box, uniq_azrael
D:13:     erik_vaults_2
Temple:   compressed_dpeg_triangle_lava_temple
Lair:1:   st_stairs_4, minivault_24, pond
Lair:2:   lemuel_slime, elwin_shoals_entry_stream, infiniplex_staircase_pool
Lair:3:   guppyfry_snake_entry_island, uniq_fannar, uniq_harold
Lair:4:   basic_altar, grunt_megastairs_4
Lair:5:   grunt_megastairs_3, uniq_urug
Lair:6:   evilmike_catoblepas_cave, slime_dummy
Snake:1:  serial_shops, shop, grunt_ministairs_14
Snake:2:  nicolae_snake_serpentine_hallways, uniq_roxanne
Snake:3:  minmay_shop_grove, uniq_vashnia
Orc:1:    portal_ice_cave_rime, basic_altar, uniq_josephine
Orc:2:    st_orc_rangers
IceCv:    ice_cave_small_demon

Skill      XL: |  1  2  3  4  5  6  7  8  9 10 11 12 13 14 15 16 |
---------------+-------------------------------------------------+-----
Fighting       | 3 4 5 6 7 8 9 10 11 12 | 12.7
Unarmed Combat | 4 5 6 7 8 9 10 11 12 13 14 | 14.9
Armour         | 3 4 6 7 9 10 11 | 11.8
Dodging        | 4 5 7 8 9 10 11 | 11.6
Invocations    | 3 5 6 |  6.0
Maces & Flails | 5 |  5.1
Evocations     | 2 4 5 |  5.0
Stealth        | |  1.0

Action                   |  1- 3 |  4- 6 |  7- 9 | 10-12 | 13-15 | 16-18 || total
-------------------------+-------+-------+-------+-------+-------+-------++-------
Melee: Unarmed           |   131 |    88 |   224 |   350 |   837 |   217 ||  1847
       Punch             |       |     1 |    11 |    28 |    92 |    25 ||   157
       Headbutt          |       |       |    30 |   118 |   315 |    81 ||   544
       Kick              |       |       |       |     8 |       |       ||     8
Invok: Slouch            |       |       |       |       |    12 |     3 ||    15
       Temporal Distorti |       |       |       |       |       |     1 ||     1
Evoke: Wand              |       |       |       |     1 |    10 |       ||    11
  Use: Potion            |       |       |     1 |     8 |       |       ||     9
       Scroll            |       |       |     1 |    24 |    13 |     3 ||    41
 Stab: Sleeping          |     3 |       |     6 |     6 |    13 |     5 ||    33
       Distracted        |       |       |     1 |     1 |     2 |       ||     4
       Paralysed         |       |       |       |     7 |     6 |       ||    13
       Invisible         |       |       |       |     1 |       |       ||     1
       Petrified         |       |       |       |       |     1 |       ||     1
  Eat: Chunk             |     6 |    13 |    32 |    18 |    60 |     6 ||   135
       Bread ration      |     2 |       |       |       |       |       ||     2
       Meat ration       |       |       |       |       |     1 |       ||     1
       Fruit             |       |       |       |       |       |     3 ||     3
Armor: Robe              |    63 |    25 |    54 |    64 |    11 |       ||   217
       Troll leather arm |       |       |       |     6 |   141 |    39 ||   186
       Skin              |       |       |       |    23 |       |       ||    23
Dodge: Dodged            |    84 |    39 |   162 |   245 |   757 |   241 ||  1528
